General information
- name: BNet
- type: Ladder team game (AT/RT)
- host: Battle.net
- saver: GodsBestBud
map: TwilightRuins
- players: 8
- length: 10:23
- speed: Fast
- version: 1.26 W3XP
- replay type: Public
» download(58 KB)
Players
team 1 (winner)
Shaggy2Dope (
orange | 8 APM | 79 actions | 10:23)
1 Blood Mage
1 Flame Strike
» actions
| Basic commands | 5 | |
| Build / train | 12 | |
| Enter build submenu | 6 | |
| Enter hero's abilities submenu | 1 | |
| Right click | 16 | |
| Select / deselect | 29 | |
| Use ability | 10 | |
79 total
» units
» buildings
| Farm | 4 | |
| Altar of Kings | 1 | |
| Barracks | 1 | |
6 total
» build order
00:24 Farm
00:41 Altar of Kings
01:03 Farm
02:02 Farm
02:42 Barracks
02:59 Farm

»
2drunk2fuk (
blue | 53 APM | 549 actions | 10:23)
3 Paladin
1 Holy Light
1 Devotion Aura
1 Divine Shield
» actions
| Assign group hotkey | 10 | |
| Basic commands | 6 | |
| Build / train | 34 | |
| ESC pressed | 2 | |
| Enter build submenu | 22 | |
| Enter hero's abilities submenu | 3 | |
| Right click | 164 | |
| Select / deselect | 109 | |
| Select group hotkey | 171 | |
| Use ability | 28 | |
549 total
» units
| Peasant | 8 | |
| Rifleman | 7 | |
| Mur'gul Snarecaster | 1 | |
16 total
» upgrades
| Masonry | 1 | |
| Gunpowder | 1 | |
| Armor | 1 | |
| Long Rifles | 1 | |
4 total
» buildings
| Farm | 7 | |
| Altar of Kings | 1 | |
| Blacksmith | 1 | |
| Arcane Vault | 1 | |
| Barracks | 2 | |
| Scout Tower | 8 | |
| Lumber Mill | 1 | |
| Arcane Tower | 2 | |
| Guard Tower | 6 | |
| Keep | 1 | |
| Arcane Sanctum | 1 | |
31 total
» build order
00:26 Farm
00:51 Altar of Kings
01:17 Blacksmith
01:23 Farm
02:06 Arcane Vault
02:10 Farm
02:19 Barracks
02:45 Scout Tower
03:15 Scout Tower
03:22 Lumber Mill
03:41 Arcane Tower
03:53 Arcane Tower
04:11 Scout Tower
04:18 Guard Tower
04:37 Scout Tower
04:41 Guard Tower
05:03 Guard Tower
05:07 Scout Tower
05:19 Scout Tower
05:37 Scout Tower
05:56 Guard Tower
06:02 Farm
06:10 Guard Tower
06:49 Farm
07:12 Keep
07:26 Farm
08:21 Barracks
08:48 Scout Tower
09:25 Guard Tower
09:30 Farm
09:41 Arcane Sanctum
» items
GodsBestBud (
red | 53 APM | 554 actions | 10:23)
1 Keeper of the Grove
1 Entangling Roots
» actions
| Assign group hotkey | 39 | |
| Basic commands | 61 | |
| Build / train | 42 | |
| Enter build submenu | 19 | |
| Enter hero's abilities submenu | 1 | |
| Right click | 216 | |
| Select / deselect | 125 | |
| Select group hotkey | 31 | |
| Use ability | 20 | |
554 total
» units
» buildings
| Moon Well | 4 | |
| Altar of Elders | 1 | |
| Hunter's Hall | 2 | |
| Ancient Protector | 5 | |
| Tree of Life | 2 | |
14 total
» build order
00:18 Moon Well
00:40 Altar of Elders
01:17 Moon Well
02:03 Moon Well
02:06 Hunter's Hall
02:09 Hunter's Hall
02:25 Moon Well
03:21 Ancient Protector
03:23 Ancient Protector
03:42 Ancient Protector
05:26 Tree of Life
09:14 Tree of Life
09:21 Ancient Protector
09:39 Ancient Protector
likeapuma (
purple | 8 APM | 31 actions | 03:56)
» actions
| Right click | 18 | |
| Select / deselect | 13 | |
31 total
team 2 (loser)

»
bustaphatnutt (
pink | 38 APM | 396 actions | 10:23)
3 Tauren Chieftain
1 Shockwave
2 Endurance Aura
» actions
| Assign group hotkey | 11 | |
| Basic commands | 5 | |
| Build / train | 26 | |
| Enter build submenu | 14 | |
| Enter hero's abilities submenu | 3 | |
| Give item / drop item | 1 | |
| Right click | 141 | |
| Select / deselect | 85 | |
| Select group hotkey | 87 | |
| Use ability | 23 | |
396 total
» units
| Peon | 11 | |
| Troll Headhunter/Berserker | 5 | |
16 total
» upgrades
» buildings
| Altar of Storms | 1 | |
| Orc Burrow | 3 | |
| Barracks | 1 | |
| War Mill | 1 | |
| Voodoo Lounge | 1 | |
| Stronghold | 1 | |
| Watch Tower | 5 | |
13 total
» build order
00:12 Altar of Storms
00:18 Orc Burrow
00:32 Barracks
01:26 War Mill
01:49 Orc Burrow
02:18 Voodoo Lounge
02:51 Orc Burrow
04:10 Stronghold
07:46 Watch Tower
07:48 Watch Tower
07:51 Watch Tower
07:55 Watch Tower
08:19 Watch Tower
» items
| Healing Salve | 2 | |
| Boots of Speed | 1 | |
| Circlet of Nobility | 1 | |
4 total
kabe (
teal | 29 APM | 300 actions | 10:23)
2 Priestess of the Moon
1 Trueshot Aura
1 Searing Arrows
» actions
| Assign group hotkey | 13 | |
| Basic commands | 48 | |
| Build / train | 43 | |
| ESC pressed | 2 | |
| Enter build submenu | 14 | |
| Enter hero's abilities submenu | 2 | |
| Give item / drop item | 1 | |
| Right click | 24 | |
| Select / deselect | 64 | |
| Select group hotkey | 73 | |
| Use ability | 16 | |
300 total
» units
» upgrades
| Strength of the Moon | 2 | |
| Strength of the Wild | 1 | |
| Improved Bows | 1 | |
| Abolish Magic | 1 | |
5 total
» buildings
| Moon Well | 6 | |
| Altar of Elders | 1 | |
| Ancient of War | 1 | |
| Tree of Ages | 4 | |
| Hunter's Hall | 1 | |
| Ancient of Lore | 2 | |
| Ancient Protector | 3 | |
18 total
» build order
00:18 Moon Well
00:27 Altar of Elders
00:38 Ancient of War
01:37 Moon Well
02:38 Moon Well
03:09 Tree of Ages
03:09 Tree of Ages
03:10 Tree of Ages
04:04 Hunter's Hall
04:28 Moon Well
05:34 Ancient of Lore
05:36 Ancient of Lore
06:09 Moon Well
07:08 Moon Well
07:26 Ancient Protector
07:47 Ancient Protector
09:23 Ancient Protector
Fortuna (
green | 104 APM | 1077 actions | 10:23)
4 Blademaster
2 Wind Walk
2 Critical Strike
» actions
| Assign group hotkey | 21 | |
| Basic commands | 37 | |
| Build / train | 53 | |
| ESC pressed | 1 | |
| Enter build submenu | 23 | |
| Enter hero's abilities submenu | 4 | |
| Give item / drop item | 2 | |
| Right click | 504 | |
| Select / deselect | 136 | |
| Select group hotkey | 254 | |
| Use ability | 42 | |
1077 total
» units
| Peon | 17 | |
| Grunt | 12 | |
| Goblin Shredder | 3 | |
32 total
» upgrades
| Pillage | 1 | |
| Armor | 2 | |
| Berserker Strength | 1 | |
4 total
» buildings
| Altar of Storms | 1 | |
| Orc Burrow | 4 | |
| Barracks | 1 | |
| Voodoo Lounge | 1 | |
| War Mill | 1 | |
| Great Hall | 2 | |
| Watch Tower | 9 | |
| Stronghold | 2 | |
| Fortress | 2 | |
23 total
» build order
00:06 Altar of Storms
00:10 Orc Burrow
00:30 Barracks
01:30 Orc Burrow
01:58 Voodoo Lounge
03:59 War Mill
04:03 Orc Burrow
05:01 Great Hall
06:21 Watch Tower
06:27 Stronghold
07:10 Orc Burrow
07:45 Watch Tower
08:36 Watch Tower
08:37 Watch Tower
08:42 Watch Tower
08:45 Watch Tower
08:45 Watch Tower
08:55 Great Hall
09:04 Watch Tower
09:08 Watch Tower
09:46 Fortress
» items
| Healing Salve | 1 | |
| Boots of Speed | 1 | |
2 total
HALO-MASTER. (
yellow | 54 APM | 558 actions | 10:23)
2 Blademaster
1 Wind Walk
1 Critical Strike
» actions
| Assign group hotkey | 28 | |
| Basic commands | 7 | |
| Build / train | 34 | |
| Enter build submenu | 13 | |
| Enter hero's abilities submenu | 2 | |
| Remove unit from queue | 1 | |
| Right click | 175 | |
| Select / deselect | 60 | |
| Select group hotkey | 210 | |
| Use ability | 28 | |
558 total
» units
» upgrades
| Ranged Weapons | 1 | |
| Armor | 1 | |
| Ensnare | 1 | |
| Melee Weapons | 2 | |
| Reinforced Defenses | 1 | |
6 total
» buildings
| Altar of Storms | 1 | |
| Orc Burrow | 4 | |
| War Mill | 1 | |
| Voodoo Lounge | 1 | |
| Watch Tower | 5 | |
| Stronghold | 2 | |
| Beastiary | 2 | |
| Fortress | 1 | |
17 total
» build order
00:09 Altar of Storms
00:20 Orc Burrow
00:38 War Mill
01:14 Voodoo Lounge
01:52 Watch Tower
02:22 Watch Tower
03:17 Stronghold
03:17 Stronghold
03:21 Orc Burrow
03:22 Orc Burrow
03:23 Orc Burrow
04:50 Watch Tower
04:57 Watch Tower
05:08 Watch Tower
05:50 Beastiary
05:50 Beastiary
06:45 Fortress
» items
| Staff of Teleportation | 1 | |
| Boots of Speed | 1 | |
| Potion of Lesser Invulnerability | 1 | |
| Scroll of Healing | 1 | |
4 total
Chat log
(00:10 / Allies) GodsBestBud: You watch any Squidbillies?
(00:18 / Allies) Shaggy2Dope: sometimes
(00:20 / All) Fortuna: FORTUNA, FORTUNA, FORTUNAE!
(00:25 / Allies) GodsBestBud: talking to blue
(00:33 / Allies) 2drunk2fuk: naa
(00:35 / Allies) GodsBestBud: i don't associate with fans of the ignorant clown pussies
(00:47 / All) HALO-MASTER.: i pawn at halo f u all
(00:48 / Allies) Shaggy2Dope: fuck u dude
(00:57 / Allies) Shaggy2Dope: im not a lil kid
(01:13 / Allies) GodsBestBud: you're just a big (fat) man child
(01:15 / All) Fortuna: Fortune bona primitus voluntas est inversa!
(01:24 / All) Fortuna: In meque michi penitus novercatur aversa!
(01:30 / Allies) Shaggy2Dope: red i liten to lots of music
(01:31 / Allies) GodsBestBud: how much do you weigh orange
(01:51 / Allies) Shaggy2Dope: lol your ignorant red
(01:56 / Allies) GodsBestBud: were you in special ed
(02:10 / Allies) Shaggy2Dope: no but your acting like u were
(02:20 / Allies) GodsBestBud: Did you get Fs in English?
(02:27 / Allies) Shaggy2Dope: dont hate dude
(02:31 / All) HALO-MASTER.: this nigga
(02:31 / Allies) Shaggy2Dope: cenation
(02:35 / Allies) Shaggy2Dope: rise against hate
(02:41 / Allies) GodsBestBud: Is that a WWF thing
(02:51 / Allies) Shaggy2Dope: its wwe now now but yea
(03:07 / Allies) GodsBestBud: Sorry don't mean to offend you
(03:09 / Allies) GodsBestBud: WWE
(03:11 / Allies) Shaggy2Dope: wrestling clowns n goku
(03:14 / Allies) GodsBestBud: It's very important I know
(03:21 / Allies) likeapuma: you guy's help, I'm back
(03:23 / Allies) Shaggy2Dope: yes and funny
(03:31 / Allies) 2drunk2fuk: let it go
(03:35 / Allies) 2drunk2fuk: purp bser
(03:42 / Allies) likeapuma: Excuse me.
(03:43 / Allies) Shaggy2Dope: me to
(04:00 / All) GodsBestBud: lol
(04:01 / All) HALO-MASTER.: WOOD PL
(04:28 / Allies) Shaggy2Dope: nice save attempt
(04:33 / Allies) Shaggy2Dope: only reason i did it
(04:37 / Allies) Shaggy2Dope: cuz of purple
(04:47 / Allies) Shaggy2Dope: and red wanted to be a hater so i said fuck it
(05:11 / Allies) Shaggy2Dope: so red plz rember
(05:19 / Allies) Shaggy2Dope: rise against hate my friend
(05:32 / Allies) Shaggy2Dope: and juggalos are not a gang or just fat kids
(05:40 / Allies) GodsBestBud: yeah tehy are lol
(05:43 / Allies) GodsBestBud: look at you
(05:46 / Allies) Shaggy2Dope: they are people just the same as a dre fan
(05:58 / Allies) GodsBestBud: Dre fans are niggers and wiggers
(06:02 / Allies) Shaggy2Dope: i listened to dre way before icp
(06:03 / Allies) GodsBestBud: IE retards like you
(06:12 / Allies) Shaggy2Dope: what do u listen to
(06:17 / Allies) Shaggy2Dope: answer me that
(06:26 / Allies) Shaggy2Dope: im curious
(06:29 / Allies) GodsBestBud: Vivaldi, Beethoven, Mozart, St. Saens
(06:42 / Allies) Shaggy2Dope: lol classical
(06:46 / Allies) Shaggy2Dope: thatscool
(06:56 / Allies) GodsBestBud: Yeah, it's for intelligent and sophisticated gentlemen like me
(07:04 / Allies) Shaggy2Dope: lol
(07:06 / All) bustaphatnutt: sure am
(07:23 / Allies) Shaggy2Dope: no its just music just like all the rest
(07:27 / All) bustaphatnutt: sure did
(07:31 / Allies) Shaggy2Dope: but mozart and betoven is good
(07:44 / Allies) GodsBestBud: Spare me your opinion
(07:46 / Allies) Shaggy2Dope: but that in the backround
(07:55 / Allies) GodsBestBud: If I wanted your calibre of opinion I'd scraped it off my shoe
(08:00 / Allies) Shaggy2Dope: of the clowns choppin u moms haed off
(08:04 / Allies) Shaggy2Dope: and thats the shiznit
(08:17 / Allies) Shaggy2Dope: lol your not better then me
(08:21 / Allies) GodsBestBud: Yeah I am
(08:23 / Allies) Shaggy2Dope: mister smarty
(08:25 / All) bustaphatnutt: lol
(08:26 / Allies) Shaggy2Dope: prolly
(08:27 / Allies) GodsBestBud: I don't weigh 400 lbs
(08:28 / Allies) Shaggy2Dope: not
(08:33 / All) HALO-MASTER.: PINK IS A BSER
(08:37 / Allies) GodsBestBud: I don't sip faygo like it's candy
(08:43 / All) bustaphatnutt: green is a bser
(08:46 / Allies) GodsBestBud: I have an IQ higher than the average nigger's
(08:46 / Allies) Shaggy2Dope: i dont etiher
(08:49 / All) Fortuna: pink attacked me first
(08:56 / All) bustaphatnutt: i didnt attack shit
(09:00 / Allies) Shaggy2Dope: bet u im just as smart as u or smarter
(09:04 / All) bustaphatnutt: i bought stuff from a shop
(09:10 / Allies) GodsBestBud: Is English your first language
(09:13 / All) bustaphatnutt: lol
(09:14 / Allies) Shaggy2Dope: just in different ways
(09:16 / All) bustaphatnutt: and green cried
(09:24 / Allies) Shaggy2Dope: no i hate english
(09:28 / Allies) Shaggy2Dope: i like math thank u
(09:33 / Allies) GodsBestBud: yeah I bet you know the best way to chug a bottle of faygo
(09:47 / Allies) Shaggy2Dope: dude get off your high horse
(09:50 / Allies) GodsBestBud: Wasn't the question, reading comprehension directly ties to IQ
(09:52 / Allies) GodsBestBud: verbal IQ
(10:00 / All) HALO-MASTER.: ONLY ARMY LOLZ
(10:11 / Allies) Shaggy2Dope: lol ok dude
(10:15 / All) 2drunk2fuk: free win for you guys
(10:15 / Allies) Shaggy2Dope: u got me
(10:20 / Allies) Shaggy2Dope: i suck at english